 Dungeon Crawl Stone Soup version 0.27.1-34-g3ba077fa99 (webtiles) character file.

Game seed: 13106490896535723577

48 DildoBatman the Conjurer (level 4, 0/30 HPs)
             Began as a Formicid Conjurer on Jan 19, 2022.
             Slain by a bullfrog skeleton (2 damage)
             ... on level 5 of the Dungeon.
             The game lasted 00:03:30 (1192 turns).

DildoBatman the Conjurer (Formicid Conjurer)        Turns: 1192, Time: 00:03:31

Health: 0/30       AC:  2    Str: 12    XL:     4   Next: 0%
Magic:  6/7        EV: 12    Int: 17    God:
Gold:   39         SH:  0    Dex: 10    Spells: 4/7 levels left

rFire    . . .     SeeInvis +   e - +0 spear
rCold    . . .     Faith    .   (no shield)
rNeg     . . .     Spirit   .   a - +0 robe
rPois    .         Reflect  .   (helmet unavailable)
rElec    .         Harm     .   (no cloak)
rCorr    .         Rampage  .   (no gloves)
Will     .....                  (no boots)
Stlth    ++........             (no amulet)
HPRegen  0.10/turn              (no ring)
MPRegen  0.10/turn              (no ring)

@: no status effects
A: permanent stasis, dig shafts and tunnels, antennae 3, four strong arms
a: Dig, Shaft Self


You were on level 5 of the Dungeon.
You visited 1 branch of the dungeon, and saw 4 of its levels.

You collected 39 gold pieces.

Inventory:

Hand Weapons
 e - a +0 spear (weapon)
Missiles
 b - 11 sling bullets
 g - 19 stones
 j - 7 curare-tipped darts
Armour
 a - a +0 robe (worn)
Scrolls
 f - a scroll of brand weapon {unknown}
 h - a scroll of teleportation {unknown}
 k - a scroll of identify {unknown}
 l - a scroll of blinking {unknown}
Potions
 c - 2 potions of curing {unknown}
 d - 2 potions of magic {unknown}
 i - a potion of berserk rage {unknown}
 m - a potion of flight {unknown}


   Skills:
 - Level 1.7 Dodging
 - Level 2.4 Stealth
 - Level 2.1 Spellcasting
 * Level 4.8 Conjurations


You had 4 spell levels left.
You knew the following spells:

 Your Spells              Type           Power      Damage    Failure   Level
a - Searing Ray           Conj           36%        3d4       4%          2
c - Magic Dart            Conj           72%        1d6       2%          1

Your spell library contained the following spells:

 Spells                   Type           Power      Damage    Failure   Level
 Dazzling Flash           Conj/Hex       20%        N/A       22%         3
 Fulminant Prism          Conj/Hex       5%         3d7       56%         4
 Iskenderun's Mystic Bla  Conj/Tloc      10%        2d4       56%         4


Dungeon Overview and Level Annotations

Branches:
Dungeon (2/15)

Altars:

Shops:
D:1 =


Innate Abilities, Weirdness & Mutations

You cannot be hasted, slowed, berserked, paralysed or teleported.
You can dig through walls and to a lower floor.
You have a pair of large antennae on your head. (SInv)
Your four strong arms can wield two-handed weapons with a shield.


Message History

What are your orders? t - Shout!
Orders for allies: a - Attack new target. r - Retreat! s - Stop attacking. g - Guard the area. f - Follow me.
Anything else - Cancel.
You shout for attention!
The bullfrog skeleton hits you. The adder misses you.
The bullfrog skeleton completely misses you.
The adder bites you. What are your orders? t - Shout!
Orders for allies: a - Attack new target. r - Retreat! s - Stop attacking. g - Guard the area. f - Follow me.
Anything else - Cancel.
You shout for attention!
The bullfrog skeleton hits you but does no damage.
The adder bites you. What are your orders? t - Shout!
Orders for allies: a - Attack new target. r - Retreat! s - Stop attacking. g - Guard the area. f - Follow me.
Anything else - Cancel.
You shout for attention!
The bullfrog skeleton barely misses you.
The adder barely misses you. What are your orders? t - Shout!
Orders for allies: a - Attack new target. r - Retreat! s - Stop attacking. g - Guard the area. f - Follow me.
Anything else - Cancel.
You shout for attention!
The bullfrog skeleton hits you. The adder closely misses you.
The bullfrog skeleton hits you.
You die...

... .. ..
#####.
.####.....#
#.........#
#.........#
#$..Z.....#
#..@S.....#
#..........#
#..........#
#.......[..#
#........$.#
...#########
.... .....


You could see an adder and a bullfrog skeleton.

Vanquished Creatures
  A dart slug (D:1)
  5 ball pythons
  5 bats
  4 endoplasms (D:1)
  3 giant cockroaches
  4 goblins
  3 hobgoblins
  4 jackals (D:1)
  2 kobolds
  2 quokkas (D:2)
  A frilled lizard (D:1)
  6 rats
40 creatures vanquished.

Notes
Turn   | Place    | Note
-------+----------+-------------------------------------------
     0 | D:1      | DildoBatman the Formicid Conjurer began the quest for the
                  | Orb.
     0 | D:1      | Reached XP level 1. HP: 13/13 MP: 3/3
   231 | D:1      | Reached XP level 2. HP: 19/19 MP: 3/5
   234 | D:1      | Learned a level 2 spell: Searing Ray
   245 | D:1      | Reached skill level 4 in Conjurations
   270 | D:1      | Found Disorph's Jewellery Emporium.
   413 | D:1      | Reached XP level 3. HP: 21/24 MP: 3/6
  1139 | D:2      | Reached XP level 4. HP: 12/30 MP: 1/7
  1141 | D:2      | You fall into a shaft and drop 1 floor!
  1178 | D:3      | You fall into a shaft and drop 2 floors!
  1178 | D:5      | Entered Level 5 of the Dungeon
  1192 | D:5      | Slain by a bullfrog skeleton

Illustrated notes

Levels and vault maps discovered:
D:1:      dpeg_arrival_shelter, layout_loops_ring, serial_shops,
          nicolae_shop_temple_entry_statues_fountains, st_stairs_4
D:2:      minmay_chambers_of_twos, layout_loops_ring,
          shapermc_ecumenical_altar_mp_vishouse
D:3:      layout_basic, serial_shops, nicolae_diamond_shop, uniq_ijyb,
          uniq_robin, uniq_jessica
D:5:      layout_gridville, uniq_duvessa

Skill      XL: |  1  2 |
---------------+-------+-----
Conjurations   | 4 |  4.8
Dodging        | |  1.7
Stealth        | |  2.4
Spellcasting   | |  2.1

Action                   |  1- 3 |  4- 6 || total
-------------------------+-------+-------++-------
Melee: Unarmed           |     3 |       ||     3
       Spear             |    52 |       ||    52
 Cast: Magic Dart        |    30 |       ||    30
       Searing Ray       |     4 |       ||     4
 Abil: Dig               |     1 |       ||     1
       Shaft Self        |       |     2 ||     2
Armor: Robe              |    18 |     1 ||    19
Dodge: Dodged            |    46 |     7 ||    53
